 Dungeon Crawl Stone Soup version 0.28.0-53-g5a82cb258f (webtiles) character file.

Game seed: 691361056222303460

10754 Stomo the Warmonger (level 11, -1/89 HPs)
             Began as a Demonspawn Fighter on July 23, 2022.
             Was a High Priest of Okawaru.
             Slain by a troll (7 damage)
             ... on level 1 of the Orcish Mines.
             The game lasted 00:20:12 (15385 turns).

Stomo the Warmonger (Demonspawn Fighter)           Turns: 15385, Time: 00:20:13

Health: -1/89      AC: 19    Str: 24    XL:     11   Next: 40%
Magic:  21/27      EV: 17    Int: 10    God:    Okawaru [*****.]
Gold:   714        SH:  6    Dex: 12    Spells: 10/10 levels left

rFire   . . .      SeeInvis .   s - +8 short sword "Coak" {venom, *Noise rN+ MP+9}
rCold   . . .      Faith    .   c - +0 buckler
rNeg    + . .      Spirit   .   b - +2 scale mail
rPois   .          Reflect  .   H - +2 hat {Stlth+}
rElec   .          Harm     .   y - +0 cloak
rCorr   .          Rampage  .   (no gloves)
Will    .....                   (no boots)
Stlth   ++++......              (no amulet)
HPRegen 0.24/turn               i - +4 ring of protection
MPRegen 0.40/turn               k - ring of Tautosa {Fly Str+3}

@: heroic, finesse-ful, spiked, flying
A: magic regeneration, sturdy frame 3, demonic magic 1, weakness stinger 2
a: Renounce Religion, Heroism, Finesse, Duel


You were on level 1 of the Orcish Mines.
You worshipped Okawaru.
Okawaru was extremely pleased with you.
You visited 3 branches of the dungeon, and saw 12 of its levels.

You collected 714 gold pieces.

Inventory:

Hand Weapons
 a - a +0 long sword
 s - the +8 short sword "Coak" (weapon) {venom, *Noise rN+ MP+9}
   (You found it on level 5 of the Dungeon)

   It poisons the flesh of those it strikes.
   rN:        It protects you from negative energy.
   MP:        It affects your magic capacity (+9).
   *Noise:    It may make noises in combat.
 x - a +1 great sword
 I - a +0 longbow of flaming
Missiles
 D - 3 throwing nets (quivered)
Armour
 b - a +2 scale mail (worn)
 c - a +0 buckler (worn)
 j - a +0 helmet
 y - a +0 cloak (worn)
 G - +0 steam dragon scales
 H - a +2 hat of stealth (worn)
Jewellery
 i - a +4 ring of protection (left hand)
 k - the ring of Tautosa (right hand) {Fly Str+3}
   (You found it on level 3 of the Dungeon)

   [ring of flight]

   Str:       It affects your strength (+3).
   Fly:       It grants you flight.
Wands
 d - a wand of digging (12)
 p - a wand of mindburst (11)
 B - a wand of iceblast (12)
 C - a wand of acid (6)
 F - a wand of flame (11)
Scrolls
 h - 2 scrolls of immolation
 l - 2 scrolls of teleportation
 o - a scroll of identify
 q - a scroll of enchant armour
 t - a scroll of magic mapping
 z - a scroll of fog
Potions
 e - 2 potions of brilliance
 f - 4 potions of flight
 g - a potion of ambrosia
 m - 3 potions of curing
 n - a potion of resistance
 r - a potion of attraction
 u - a potion of magic {unknown}
 v - a potion of mutation {unknown}
 w - a potion of lignification {unknown}
 A - a potion of heal wounds {unknown}
 E - a potion of experience {unknown}


   Skills:
 + Level 9.6(14.6) Fighting
 - Level 5.2(10.2) Long Blades
 + Level 8.8(13.8) Armour
 + Level 8.3(13.3) Dodging
 - Level 2.6(7.6) Shields
 + Level 9.8 Invocations


You had 10 spell levels left.
You didn't know any spells.
Your spell library contained the following spells:

 Spells                   Type           Power      Damage    Failure   Level
 Gell's Gravitas          Tloc           0%         N/A       83%         3
 Lesser Beckoning         Tloc           0%         N/A       83%         3
 Teleport Other           Tloc           0%         N/A       83%         3
 Cause Fear               Hex            0%         N/A       99%         4
 Dragon Form              Tmut           0%         N/A       100%        7
 Dragon's Call            Summ           Unusable   N/A       N/A         9

Dungeon Overview and Level Annotations

Branches:
Dungeon (9/15)             Temple (1/1) D:5            Lair (0/6) D:9
    Orc (2/2) D:9
    Elf: Orc:2

Altars:
Ashenzari
Cheibriados
Dithmenos
Elyvilon
Fedhas
Gozag
Kikubaaqudgha
Makhleb
Nemelex Xobeh
Okawaru
Qazlal
Ru
Sif Muna
Trog
Uskayaw
Vehumet
Wu Jian
Xom
Yredelemnul
Zin
The Shining One

Shops:
D:5 [

Annotations:
D:4 1 runed translucent door, Crazy Yiuf


Innate Abilities, Weirdness & Mutations

You regenerate magic rapidly.
Your movements are significantly less encumbered by armour. (ER -6)
Spells you cast may paralyse adjacent enemies.
You have a tail ending in a sharp stinger.


Message History

The orc high priest is lightly wounded.
Unknown command.
You puncture the orc high priest!
The orc high priest looks as sick as possible!
The orc high priest is moderately wounded.
The orc high priest misses you. The troll bites you but does no damage.
The troll claws you. You block the troll's attack.
The ice devil hits you but does no damage.
The ice devil hits you. The ice devil freezes you! The troll bites you!
The troll claws you but does no damage. The troll barely misses you.
The orc high priest hits you with a +0 battleaxe.
You puncture the orc high priest!
The orc high priest looks as sick as possible!
The orc high priest is heavily wounded.
The ice devil hits you but does no damage.
The orc high priest hits you but does no damage.
The troll bites you! The troll claws you!
* * * LOW HITPOINT WARNING * * *
The troll completely misses you.
You gain the combat prowess of a mighty hero.
The orc high priest mumbles some strange prayers to Beogh.
You block the troll's attack. The troll claws you.
* * * LOW HITPOINT WARNING * * *
The troll misses you. The ice devil closely misses you.
You can now deal lightning-fast blows.
You block the orc high priest's attack. The troll barely misses you.
The troll claws you!
* * * LOW HITPOINT WARNING * * *
You block the troll's attack. The ice devil completely misses you.
The red devil hits you from afar with a +1 demon trident of venom!
* * * LOW HITPOINT WARNING * * *
Barbed spikes become lodged in your body.
You are lethally poisoned!
The rust devil completely misses you.
You feel better.
The ice devil hits you but does no damage.
The orc high priest misses you. The troll bites you.
* * * LOW HITPOINT WARNING * * *
The troll claws you!
You die...

#####..#######.#....
##.#.#...#.# ###....
#........#.## ###...
##.....)....####.....
#.....#.....#.....#.
#####....###..........##
##.#......##.....#....###
#.......o4###........####
##....4)@T[###.........##
###.#.).4[.#..........#.
###...........#.......
##.........##.#.....
#.......#.#####....
####....### #..#.# ###
#.......#####.####
##.####........##.....#
##..............###.####


You could see an orc high priest (extremely poisoned), an ice devil (summoned),
a rust devil (summoned), a troll (very poisoned) and a red devil (summoned).

Vanquished Creatures
  Gastronok (D:8)
  Harold (D:8)
  4 two-headed ogres
  A goliath frog (shapeshifter) (D:8)
  An orc knight (D:9)
  A cyclops (D:9)
  An unseen horror (D:8)
  A kobold demonologist (D:8)
  Sigmund (D:6)
  A yak (D:8)
  A wyvern (D:8)
  7 steam dragons
  Edmund (D:4)
  A vampire mosquito (D:8)
  5 water moccasins
  2 black bears
  5 orc warriors
  A sky beast (D:8)
  An ogre (Orc:1)
  3 centaurs
  A phantom (D:4)
  A kobold brigand (D:9)
  A gnoll sergeant (D:8)
  3 scorpions
  4 bullfrogs
  A wyvern zombie (D:9)
  A water moccasin skeleton (D:5)
  4 killer bees (D:8)
  A howler monkey (D:4)
  A bullfrog zombie (D:7)
  A centaur zombie (D:9)
  A hound (D:5)
  2 jellies
  3 orc priests
  A gnoll shaman (D:8)
  Jessica (D:3)
  Natasha (thrice) (D:4)
  2 iguanas
  2 orc wizards
  A hound zombie (D:5)
  Robin (D:4)
  A howler monkey zombie (D:8)
  12 gnolls
  2 howler monkey skeletons
  8 adders
  A river rat (D:5)
  An ufetubus (D:5)
  2 worms
  24 orcs
  5 endoplasms
  5 giant cockroaches
  19 goblins
  11 hobgoblins
  10 jackals
  2 quokkas
  18 ball pythons
  3 bats
  A frilled lizard (D:2)
  12 kobolds
  2 rats (D:5)
215 creatures vanquished.

Vanquished Creatures (others)
  A killer bee zombie (D:8)
  A fungus (D:9)
  6 plants (D:9)
8 creatures vanquished.

Grand Total: 223 creatures vanquished

Notes
Turn   | Place    | Note
-------+----------+-------------------------------------------
     0 | D:1      | Stomo the Demonspawn Fighter began the quest for the Orb.
     0 | D:1      | Reached XP level 1. HP: 18/18 MP: 1/1
   225 | D:1      | Gained mutation: Your movements are slightly less
                  | encumbered by armour. (ER -2) [demonic ancestry]
   225 | D:1      | Reached XP level 2. HP: 10/24 MP: 2/2
  1379 | D:2      | Reached skill level 1 in Dodging
  1379 | D:2      | Gained mutation: Your movements are less encumbered by
                  | armour. (ER -4) [demonic ancestry]
  1379 | D:2      | Reached XP level 3. HP: 18/29 MP: 3/3
  1626 | D:2      | Gained mutation: You have a small tail. [demonic ancestry]
  1626 | D:2      | Reached XP level 4. HP: 28/36 MP: 4/4
  2322 | D:2      | Found a shadowy altar of Dithmenos.
  2480 | D:2      | Gained mutation: Spells you cast may paralyse adjacent
                  | enemies. [demonic ancestry]
  2480 | D:2      | Reached XP level 5. HP: 22/42 MP: 5/5
  3332 | D:3      | Identified the ring of Tautosa {Fly Str+3}
  3509 | D:3      | Found a faded altar of an unknown god.
  3550 | D:3      | You fall into a shaft and drop 3 floors!
  3550 | D:6      | Noticed a steam dragon
  3555 | D:6      | Killed a steam dragon
  3556 | D:6      | Reached XP level 6. HP: 43/49 MP: 6/6
  3596 | D:5      | Entered Level 5 of the Dungeon
  3731 | D:4      | Noticed Robin
  4102 | D:3      | Noticed Jessica
  4111 | D:3      | Found a shimmering blue altar of Sif Muna.
  4123 | D:3      | Killed Jessica
  4124 | D:3      | Reached XP level 7. HP: 49/55 MP: 7/7
  4338 | D:4      | Killed Robin
  4414 | D:4      | Reached skill level 5 in Fighting
  4593 | D:4      | Noticed Edmund
  4612 | D:4      | Killed Edmund
  4875 | D:4      | Noticed Natasha
  5189 | D:4      | Killed Natasha
  5238 | D:4      | Noticed Natasha
  5252 | D:4      | Killed Natasha
  5253 | D:4      | Reached skill level 5 in Armour
  5253 | D:4      | Gained mutation: You have a tail ending in a sharp stinger.
                  | [demonic ancestry]
  5253 | D:4      | Reached XP level 8. HP: 59/63 MP: 8/8
  5301 | D:4      | Noticed Natasha
  5308 | D:4      | Killed Natasha
  5501 | D:4      | Found a runed translucent door.
  5502 | D:4      | Noticed Crazy Yiuf
  5624 | D:5      | Found Wosetak's Antique Armour Emporium.
  5926 | D:5      | Identified the +8 short sword "Coak" {venom, *Noise rN+
                  | MP+9}
  6248 | D:5      | Found a staircase to the Ecumenical Temple.
  6306 | Temple   | Entered the Ecumenical Temple
  6536 | Temple   | Became a worshipper of Warmaster Okawaru
  6656 | D:5      | Reached skill level 1 in Invocations
  6978 | D:6      | Noticed Sigmund
  7138 | D:6      | Killed Sigmund
  7139 | D:6      | Reached skill level 5 in Long Blades
  8107 | D:7      | Reached skill level 5 in Dodging
  8342 | D:7      | Reached XP level 9. HP: 38/71 MP: 11/11
  8648 | D:7      | Reached * piety under Okawaru
  9740 | D:8      | Noticed a two-headed ogre
  9772 | D:8      | Killed a two-headed ogre
  9772 | D:8      | Reached ** piety under Okawaru
  9773 | D:8      | Reached skill level 5 in Invocations
 10095 | D:8      | Noticed Harold
 10108 | D:8      | Killed Harold
 10108 | D:8      | Reached *** piety under Okawaru
 10371 | D:8      | Gained mutation: You regenerate magic rapidly. [demonic
                  | ancestry]
 10371 | D:8      | Reached XP level 10. HP: 78/80 MP: 14/14
 10379 | D:8      | Noticed Gastronok
 10427 | D:8      | Killed Gastronok
 11427 | D:8      | Noticed an orange demon
 11432 | D:8      | Received a gift from Okawaru
 11519 | D:8      | Reached **** piety under Okawaru
 11976 | D:8      | Noticed a catoblepas
 11984 | D:8      | Noticed a seven-headed hydra
 12411 | D:9      | Noticed a two-headed ogre
 12420 | D:9      | Killed a two-headed ogre
 12523 | D:9      | Noticed a cyclops
 12548 | D:8      | HP: 3/82 [poisoned by a killer bee]
 13088 | D:8      | Noticed a goliath frog
 13096 | D:8      | Killed a goliath frog
 13096 | D:8      | Reached ***** piety under Okawaru
 13097 | D:8      | Gained mutation: Your movements are significantly less
                  | encumbered by armour. (ER -6) [demonic ancestry]
 13097 | D:8      | Reached XP level 11. HP: 73/89 MP: 17/17
 13757 | D:9      | Found a staircase to the Orcish Mines.
 13784 | D:9      | Found a staircase to the Lair.
 14083 | Orc:1    | Entered Level 1 of the Orcish Mines
 14083 | Orc:1    | Noticed a two-headed ogre
 14200 | Orc:1    | Killed a two-headed ogre
 14200 | Orc:1    | Received a gift from Okawaru
 14454 | Orc:1    | Noticed an orc knight
 14559 | D:9      | Killed an orc knight
 15043 | Orc:2    | Entered Level 2 of the Orcish Mines
 15043 | Orc:2    | Noticed a two-headed ogre
 15048 | Orc:2    | Noticed an orc high priest
 15062 | Orc:1    | Killed a two-headed ogre
 15384 | Orc:1    | HP: 1/89 [red devil/+1 demon trident of venom[an orc high
                  | priest] (10)]
 15385 | Orc:1    | Slain by a troll

Illustrated notes

Levels and vault maps discovered:
D:1:      dpeg_arrival_radiant, layout_basic, serial_park_tiny_pond
D:2:      layout_basic, basic_altar
D:3:      layout_basic, tgw_sif, chequers_ecumenical_altar_island
D:4:      layout_rooms, uniq_natasha, uniq_edmund, uniq_robin,
          uniq_crazy_yiuf_cottage
D:5:      layout_loops_corners, temple_hall, serial_shops, nicolae_shop_trees,
          portal_sewer_entry_b
D:6:      layout_basic, uniq_sigmund
D:7:      layout_basic
D:8:      minmay_the_grid_triangle_9x9_rhombus_full
          [minmay_the_grid_triangle_9x9_warning,
          minmay_the_grid_triangle_9x9_sprig,
          minmay_the_grid_triangle_9x9_windchime,
          minmay_the_grid_triangle_9x9_steps,
          minmay_the_grid_triangle_9x9_thin_v,
          minmay_the_grid_triangle_9x9_swiss_cheese,
          minmay_the_grid_triangle_9x9_corrupted_corridor,
          minmay_the_grid_triangle_9x9_prize_special], layout_basic,
          serial_park_tiny_1, uniq_gastronok, uniq_harold
D:9:      layout_rooms, dpeg_oklobed_lair, orc_0_dummy
Temple:   mainiacjoe_temple_bowtie_tessellation
Orc:1:    layout_diamond_mine
Orc:2:    st_orc_mages, layout_caves

Skill      XL: |  1  2  3  4  5  6  7  8  9 10 11 |
---------------+----------------------------------+-----
Long Blades    | 2 3 4 5 |  5.2
Armour         | 3 4 5 7 8 |  8.8
Dodging        | 1 2 3 4 5 6 7 8 |  8.3
Fighting       | 4 5 6 7 9 |  9.6
Invocations    | 3 6 8 9 |  9.8
Shields        | |  2.6

Action                   |  1- 3 |  4- 6 |  7- 9 | 10-12 || total
-------------------------+-------+-------+-------+-------++-------
Melee: Long sword        |    72 |   196 |   200 |       ||   468
       Tailslap          |       |    22 |    40 |    42 ||   104
       Short sword       |       |       |   120 |   210 ||   330
Invok: Heroism           |       |       |       |     1 ||     1
       Finesse           |       |       |       |     1 ||     1
  Use: Scroll            |     2 |     2 |     8 |     7 ||    19
       Potion            |       |     1 |     1 |     3 ||     5
 Stab: Distracted        |       |       |       |     2 ||     2
       Sleeping          |       |       |       |     1 ||     1
Armor: Scale mail        |    34 |   119 |   157 |   131 ||   441
Dodge: Dodged            |    31 |   120 |   195 |   190 ||   536
Block: Buckler           |    16 |    50 |    60 |    62 ||   188
